ITL
BLUEVILLE 83'S @ UTICA UNICORNS
09/03/2028
 
TOP OF THE 1ST
Blueville 83's batting - Pitching for Utica Unicorns : RHP Carl Henry
Pitching: RHP Carl Henry
Batting: SHB Tim Reid 0-0: Ball
1-0: Swinging Strike
1-1: Swinging Strike
1-2: SINGLE (Groundball, 6S) (infield hit)
Batting: LHB Roberto Trujillo 0-0: Called Strike
0-1: Called Strike
0-2: Ball
1-2: Ball
2-2: Ball
3-2: Foul Ball, location: 2F
3-2: Fly out, F3 (Popup, 3L)
Batting: SHB Jack Fountain 0-0: Ball
1-0: Ball
2-0: Ball
3-0: Base on Balls
Tim Reid to second
Batting: RHB Kuniaki Kawashima 0-0: Swinging Strike
0-1: Ball
1-1: Foul Ball, location: 2F
1-2: DOUBLE (Line Drive, 78M)
Tim Reid scores
Jack Fountain to third
Batting: RHB Carlos Carrillo 0-0: Ball
1-0: Fly out, F6 (Popup, 6M)
Batting: LHB Vincente Sáenz 0-0: Called Strike
0-1: Foul Ball, location: 2F
0-2: Foul Ball, location: 2F
0-2: Foul Ball, location: 2F
0-2: Ball
1-2: Fly out, F8 (Flyball, 8LD)
Top of the 1st over - 1 run(s), 2 hit(s), 0 error(s), 2 left on base; Blueville 1 - Utica 0
BOTTOM OF THE 1ST
Utica Unicorns batting - Pitching for Blueville 83's : RHP Santiago González
Pitching: RHP Santiago González
Batting: LHB Jesús Raugel 0-0: Ball
1-0: Foul Ball, location: 2F
1-1: Called Strike
1-2: Strikes out swinging
Batting: RHB Mitsuoki Taguchi 0-0: Ball
1-0: Ground out 6-3 (Groundball, 6)
Batting: LHB Sixto Cantú 0-0: Called Strike
0-1: Foul Ball, location: 2F
0-2: Foul Ball, location: 2F
0-2: Strikes out swinging
Bottom of the 1st over - 0 run(s), 0 hit(s), 0 error(s), 0 left on base; Blueville 1 - Utica 0
TOP OF THE 2ND
Blueville 83's batting - Pitching for Utica Unicorns : RHP Carl Henry
Batting: LHB Ron Robinson 0-0: Foul Ball, location: 2F
0-1: Ball
1-1: Ball
2-1: Ball
3-1: Foul Ball, location: 2F
3-2: Fly out, F8 (Flyball, 8LM)
Batting: RHB Yoshihide Takahashi 0-0: Ball
1-0: Ball
2-0: Called Strike
2-1: Ball
3-1: Foul Ball, location: 2F
3-2: Foul Ball, location: 2F
3-2: Reached on error, E7 (Flyball, 7S)
Batting: RHB Fernando Díaz 0-0: Called Strike
Yoshihide Takahashi steals 2nd base
0-1: Ground out 6-3 (Groundball, 6)
Batting: SHB Tim Reid 0-0: Swinging Strike
0-1: Foul Ball, location: 2F
0-2: Ball
1-2: Foul Ball, location: 2F
1-2: 2-RUN HOME RUN (Flyball, 9LD), Distance : 348 ft
Batting: LHB Roberto Trujillo 0-0: Foul Ball, location: 2F
0-1: Ball
1-1: Foul Ball, location: 2F
1-2: Ball
2-2: Ground out 1-3 (Groundball, P)
Top of the 2nd over - 2 run(s), 1 hit(s), 1 error(s), 0 left on base; Blueville 3 - Utica 0
BOTTOM OF THE 2ND
Utica Unicorns batting - Pitching for Blueville 83's : RHP Santiago González
Batting: RHB Gerald Burnett 0-0: Foul Ball, location: 2F
0-1: Called Strike
0-2: Ground out 6-3 (Groundball, 6)
Batting: LHB José Flores 0-0: Called Strike
0-1: Ball
1-1: Fly out, F8 (Line Drive, 8LM)
Batting: LHB Mitchell Oglethorpe 0-0: DOUBLE (Flyball, 7LM)
Batting: RHB Danny Crouch 0-0: Ball
1-0: Ball
2-0: Called Strike
2-1: Foul Ball, location: 2F
2-2: Strikes out swinging
Bottom of the 2nd over - 0 run(s), 1 hit(s), 0 error(s), 1 left on base; Blueville 3 - Utica 0
TOP OF THE 3RD
Blueville 83's batting - Pitching for Utica Unicorns : RHP Carl Henry
Batting: SHB Jack Fountain 0-0: Foul Ball, location: 2F
0-1: Ball
1-1: Ball
2-1: Swinging Strike
2-2: Strikes out looking
Batting: RHB Kuniaki Kawashima 0-0: Swinging Strike
0-1: Fly out, F7 (Line Drive, 78M)
Batting: RHB Carlos Carrillo 0-0: Swinging Strike
0-1: Foul Ball, location: 2F
0-2: Ball
1-2: Strikes out swinging
Top of the 3rd over - 0 run(s), 0 hit(s), 0 error(s), 0 left on base; Blueville 3 - Utica 0
BOTTOM OF THE 3RD
Utica Unicorns batting - Pitching for Blueville 83's : RHP Santiago González
Batting: LHB Raúl Morales 0-0: Ground out 6-3 (Groundball, 6MS)
Batting: RHB António Magana 0-0: Ball
1-0: Ball
2-0: Called Strike
2-1: Ground out 1-3 (Groundball, 13S)
Batting: LHB Jesús Raugel 0-0: Swinging Strike
0-1: Swinging Strike
0-2: Ground out 6-3 (Groundball, 6)
Bottom of the 3rd over - 0 run(s), 0 hit(s), 0 error(s), 0 left on base; Blueville 3 - Utica 0
TOP OF THE 4TH
Blueville 83's batting - Pitching for Utica Unicorns : RHP Carl Henry
Batting: LHB Vincente Sáenz 0-0: Ball
1-0: Foul Ball, location: 2F
1-1: Ball
2-1: SINGLE (Groundball, 6MD)
Batting: LHB Ron Robinson 0-0: Foul Ball, location: 2F
0-1: Fly out, F6 (Popup, 6)
Batting: RHB Yoshihide Takahashi 0-0: Called Strike
0-1: Foul Ball, location: 2F
0-2: Ball
1-2: Foul Ball, location: 2F
1-2: SINGLE (Flyball, 89S)
Vincente Sáenz to second
Runner from 2nd tries for 3rd, SAFE, throw made to third
Batting: RHB Fernando Díaz 0-0: SINGLE (Flyball, 78S)
Vincente Sáenz scores
Yoshihide Takahashi to second
Batting: SHB Tim Reid 0-0: Grounds into double play, 4-6-3 (Groundball, 4)
Top of the 4th over - 1 run(s), 3 hit(s), 0 error(s), 1 left on base; Blueville 4 - Utica 0
BOTTOM OF THE 4TH
Utica Unicorns batting - Pitching for Blueville 83's : RHP Santiago González
Batting: RHB Mitsuoki Taguchi 0-0: Ball
1-0: DOUBLE (Line Drive, 8LD)
Pitching: RHP Clint Tancock
Batting: LHB Sixto Cantú 0-0: Ball
1-0: Foul Ball, location: 2F
1-1: Swinging Strike
1-2: Foul Ball, location: 2F
1-2: Ground out 4-3 (Groundball, 4)
Mitsuoki Taguchi to third
Batting: RHB Gerald Burnett 0-0: Ball
1-0: SINGLE (Groundball, 56D)
Mitsuoki Taguchi scores
Batting: LHB José Flores 0-0: Ball
1-0: Ball
2-0: Foul Ball, location: 2F
2-1: Ball
3-1: Foul Ball, location: 2F
3-2: Base on Balls
Gerald Burnett to second
Batting: LHB Mitchell Oglethorpe 0-0: Swinging Strike
0-1: Ball
1-1: Ball
2-1: Ball
3-1: Foul Ball, location: 2F
3-2: SINGLE (Groundball, 6MD)
Gerald Burnett to third
José Flores to second
Runner from 3rd tries for Home, SAFE, throw made home
Batting: RHB Danny Crouch 0-0: Called Strike
0-1: Ball
1-1: Foul Ball, location: 2F
1-2: Foul Ball, location: 2F
1-2: Fly out, F7 (Line Drive, 7D)
Runner from 2nd tags up, SAFE at 3rd, no throw
Batting: LHB Raúl Morales 0-0: SINGLE (Line Drive, 6M)
José Flores scores
Mitchell Oglethorpe to second
Batting: RHB António Magana 0-0: Ball
1-0: Called Strike
1-1: Swinging Strike
1-2: Hit by Pitch
Mitchell Oglethorpe to third
Raúl Morales to second
Batting: LHB Jesús Raugel 0-0: Ball
1-0: Ball
2-0: Ball
3-0: Base on Balls
Mitchell Oglethorpe scores
Raúl Morales to third
António Magana to second
Batting: RHB Mitsuoki Taguchi 0-0: Ball
1-0: Foul Ball, location: 2F
1-1: Fly out, F7 (Flyball, 7)
Bottom of the 4th over - 4 run(s), 4 hit(s), 0 error(s), 3 left on base; Blueville 4 - Utica 4
TOP OF THE 5TH
Blueville 83's batting - Pitching for Utica Unicorns : RHP Carl Henry
Batting: LHB Roberto Trujillo 0-0: Called Strike
0-1: Called Strike
0-2: Fly out, F4 (Popup, 4)
Batting: SHB Jack Fountain 0-0: Ball
1-0: Foul Ball, location: 2F
1-1: SINGLE (Groundball, 4D)
Batting: RHB Kuniaki Kawashima 0-0: Ball
1-0: Ball
2-0: Ball
3-0: Called Strike
3-1: Foul Ball, location: 2F
3-2: DOUBLE (Groundball, 5L)
Jack Fountain to third
Pitching: RHP Mario González
Batting: RHB Carlos Carrillo 0-0: Swinging Strike
0-1: Foul Ball, location: 2F
0-2: Ball
1-2: Fly out, F7 (Flyball, 7)
Batting: LHB Vincente Sáenz 0-0: Called Strike
0-1: Ground out 5-3 (Groundball, 56S)
Top of the 5th over - 0 run(s), 2 hit(s), 0 error(s), 2 left on base; Blueville 4 - Utica 4
BOTTOM OF THE 5TH
Utica Unicorns batting - Pitching for Blueville 83's : RHP Clint Tancock
Batting: LHB Sixto Cantú 0-0: Ball
1-0: Foul Ball, location: 2F
1-1: Called Strike
1-2: Foul Ball, location: 2F
1-2: Strikes out swinging
Batting: RHB Gerald Burnett 0-0: Ball
1-0: Ground out 6-3 (Groundball, 6S)
Batting: LHB José Flores 0-0: Called Strike
0-1: Ball
1-1: Called Strike
1-2: SINGLE (Line Drive, 8RS)
Batting: LHB Mitchell Oglethorpe 0-0: Ball
1-0: Called Strike
1-1: Called Strike
José Flores steals 2nd base
1-2: Foul Ball, location: 2F
1-2: Ground out 6-3 (Groundball, 6)
Bottom of the 5th over - 0 run(s), 1 hit(s), 0 error(s), 1 left on base; Blueville 4 - Utica 4
TOP OF THE 6TH
Blueville 83's batting - Pitching for Utica Unicorns : RHP Mario González
Pitching: RHP Wayne Sawyer
Batting: LHB Ron Robinson 0-0: Called Strike
0-1: Ball
1-1: Fly out, F9 (Flyball, 9)
Batting: RHB Yoshihide Takahashi 0-0: Ball
1-0: Called Strike
1-1: Ball
2-1: Ground out 6-3 (Groundball, 6)
Batting: RHB Fernando Díaz 0-0: Called Strike
0-1: Called Strike
0-2: Foul Ball, location: 2F
0-2: Foul Ball, location: 2F
0-2: Fly out, F6 (Line Drive, 56)
Top of the 6th over - 0 run(s), 0 hit(s), 0 error(s), 0 left on base; Blueville 4 - Utica 4
BOTTOM OF THE 6TH
Utica Unicorns batting - Pitching for Blueville 83's : RHP Clint Tancock
Pitching: RHP Drake Williams
Batting: RHB Danny Crouch 0-0: Called Strike
0-1: Ball
1-1: Ground out 4-3 (Groundball, 4)
Batting: LHB Raúl Morales 0-0: Ball
1-0: SINGLE (Line Drive, 8LS)
Batting: RHB António Magana 0-0: Ball
1-0: Ball
2-0: Called Strike
2-1: Swinging Strike
2-2: Ball
3-2: Foul Ball, location: 2F
3-2: Base on Balls
Raúl Morales to second
Batting: LHB Jesús Raugel 0-0: Called Strike
0-1: Foul Ball, location: 2F
0-2: Ball
1-2: Foul Ball, location: 2F
1-2: Foul Ball, location: 2F
1-2: SINGLE (Line Drive, 9LS)
Raúl Morales to third
António Magana to second
Batting: RHB Mitsuoki Taguchi 0-0: SINGLE (Groundball, 4D)
Raúl Morales scores
António Magana to third
Jesús Raugel to second
Batting: LHB Sixto Cantú 0-0: Fly out, F8 (Flyball, 89M)
Runner from 3rd tags up, SCORES, throw made
Batting: RHB Gerald Burnett 0-0: Ball
1-0: Fielders Choice at 2nd, 5-4 (Groundball, 56)
Bottom of the 6th over - 2 run(s), 3 hit(s), 0 error(s), 1 left on base; Blueville 4 - Utica 6
TOP OF THE 7TH
Blueville 83's batting - Pitching for Utica Unicorns : RHP Wayne Sawyer
Batting: SHB Tim Reid 0-0: Ball
1-0: Called Strike
1-1: Foul Ball, location: 2F
1-2: Ball
2-2: Ball
3-2: Base on Balls
Batting: LHB Roberto Trujillo 0-0: Ball
1-0: Ball
2-0: Called Strike
2-1: Foul Ball, location: 2F
2-2: Strikes out swinging
Batting: SHB Jack Fountain 0-0: Ball
1-0: Foul Ball, location: 2F
1-1: Swinging Strike
1-2: Strikes out swinging
Pitching: LHP Javier Luna
Batting: RHB Kuniaki Kawashima 0-0: Ball
1-0: Ball
2-0: Called Strike
2-1: Fly out, F3 (Popup, 3L)
Top of the 7th over - 0 run(s), 0 hit(s), 0 error(s), 1 left on base; Blueville 4 - Utica 6
BOTTOM OF THE 7TH
Utica Unicorns batting - Pitching for Blueville 83's : RHP Drake Williams
Batting: LHB José Flores 0-0: Foul Ball, location: 2F
0-1: Swinging Strike
0-2: Ball
1-2: Fly out, F8 (Flyball, 89D)
Batting: LHB Mitchell Oglethorpe 0-0: Swinging Strike
0-1: Ball
1-1: Swinging Strike
1-2: Foul Ball, location: 2F
1-2: Ground out 4-3 (Groundball, 34D)
Batting: RHB Danny Crouch 0-0: Ball
1-0: Called Strike
1-1: Swinging Strike
1-2: Strikes out looking
Bottom of the 7th over - 0 run(s), 0 hit(s), 0 error(s), 0 left on base; Blueville 4 - Utica 6
TOP OF THE 8TH
Blueville 83's batting - Pitching for Utica Unicorns : LHP Javier Luna
Batting: RHB Carlos Carrillo 0-0: Ball
1-0: Foul Ball, location: 2F
1-1: DOUBLE (Line Drive, 8RD)
Batting: LHB Vincente Sáenz 0-0: Foul Ball, location: 2F
0-1: Ball
1-1: Ball
2-1: Ball
3-1: Base on Balls
Pitching: RHP Patrick Doyle
Batting: LHB Ron Robinson 0-0: Ball
1-0: Bunted foul
1-1: Bunted foul
1-2: Fielders Choice at 2nd, 3-6 (Groundball, 34)
Carlos Carrillo to third
Batting: RHB Yoshihide Takahashi 0-0: Ball
1-0: Ball
2-0: Fly out, F5 (Popup, 5D)
Batting: RHB Fernando Díaz 0-0: Foul Ball, location: 2F
0-1: Called Strike
0-2: Strikes out swinging
Top of the 8th over - 0 run(s), 1 hit(s), 0 error(s), 2 left on base; Blueville 4 - Utica 6
BOTTOM OF THE 8TH
Utica Unicorns batting - Pitching for Blueville 83's : RHP Drake Williams
Batting: LHB Raúl Morales 0-0: SINGLE (Line Drive, 6MD)
Batting: RHB António Magana 0-0: Called Strike
0-1: Ball
1-1: SINGLE (Groundball, 4MD)
Raúl Morales to second
Batting: LHB Jesús Raugel 0-0: Ball
1-0: Bunted foul
1-1: Sac Bunt - play at first, batter OUT! 1-4
Raúl Morales to third
António Magana to second
Batting: RHB Mitsuoki Taguchi 0-0: Called Strike
0-1: Ball
1-1: Ball
2-1: Swinging Strike
2-2: Strikes out swinging
Batting: LHB Sixto Cantú 0-0: Ball
1-0: Ball
2-0: Called Strike
2-1: Ball
3-1: SINGLE (Line Drive, 34)
Raúl Morales scores
António Magana to third
Batting: RHB Gerald Burnett 0-0: Foul Ball, location: 2F
0-1: Ball
1-1: Fly out, F4 (Flyball, 4D)
Bottom of the 8th over - 1 run(s), 3 hit(s), 0 error(s), 2 left on base; Blueville 4 - Utica 7
TOP OF THE 9TH
Blueville 83's batting - Pitching for Utica Unicorns : RHP Patrick Doyle
Pitching: RHP Claudio Rivera
Batting: SHB Tim Reid 0-0: Ball
1-0: Ground out U3 (Groundball, 34)
Batting: LHB Roberto Trujillo 0-0: Ball
1-0: Foul Ball, location: 2F
1-1: Ball
2-1: Ball
3-1: Base on Balls
Batting: SHB Jack Fountain 0-0: SINGLE (Groundball, 34) (infield hit)
Roberto Trujillo to second
Pinch Hitting: LHB Felipe Cruz 0-0: Foul Ball, location: 2F
0-1: Ball
1-1: Ball
2-1: Called Strike
2-2: Foul Ball, location: 2F
2-2: Ball
3-2: Base on Balls
Roberto Trujillo to third
Jack Fountain to second
Batting: RHB Carlos Carrillo 0-0: Ball
1-0: Ball
2-0: SINGLE (Groundball, 4MD)
Roberto Trujillo scores
Jack Fountain to third
Felipe Cruz to second
Batting: LHB Vincente Sáenz 0-0: Foul Ball, location: 2F
0-1: Ball
1-1: Fly out, F5 (Popup, 5L)
Batting: LHB Ron Robinson 0-0: Called Strike
0-1: SINGLE (Flyball, 78S)
Jack Fountain scores
Felipe Cruz to third
Carlos Carrillo to second
Runner from 3rd tries for Home, SAFE, no throw
Batting: RHB Yoshihide Takahashi 0-0: Ball
1-0: Foul Ball, location: 2F
1-1: DOUBLE (Groundball, 5L)
Carlos Carrillo scores
Ron Robinson to third
Runner from 3rd tries for Home, SAFE, no throw
Batting: RHB Fernando Díaz 0-0: Ball
1-0: Ball
2-0: Swinging Strike
2-1: Called Strike
2-2: Ball
3-2: Base on Balls
Pitching: RHP Grant Jackson
Batting: SHB Tim Reid 0-0: Called Strike
0-1: Fly out, F6 (Popup, 6MD)
Top of the 9th over - 5 run(s), 4 hit(s), 0 error(s), 2 left on base; Blueville 9 - Utica 7
BOTTOM OF THE 9TH
Utica Unicorns batting - Pitching for Blueville 83's : RHP Drake Williams
Now at 3B: Felipe Cruz
Batting: LHB José Flores 0-0: Ball
1-0: Ball
2-0: DOUBLE (Flyball, 78D)
Batting: LHB Mitchell Oglethorpe 0-0: Foul Ball, location: 2F
0-1: Called Strike
0-2: Foul Ball, location: 2F
0-2: Strikes out swinging
Batting: RHB Danny Crouch 0-0: Called Strike
0-1: Ball
1-1: Ball
2-1: Ground out 5-3 (Groundball, 56)
Pinch Hitting: LHB Bill Hall 0-0: Foul Ball, location: 2F
0-1: Fly out, F7 (Flyball, 7)
Bottom of the 9th over - 0 run(s), 1 hit(s), 0 error(s), 1 left on base; Blueville 9 - Utica 7
Tuesday, August 8th, 2017 - OOTP Baseball 17.12 Build 75